 Dungeon Crawl Stone Soup version 0.28.0-53-g5a82cb258f (webtiles) character file.

Game seed: 14572224921902654296

86 jjjjhere the Cudgeller (level 4, 0/40 HPs)
             Began as a Minotaur Warper on Oct 16, 2022.
             Killed by nerve-wracking pain
             ... invoked by Jessica
              (12 damage)
             ... on level 2 of the Dungeon.
             The game lasted 00:02:10 (1957 turns).

jjjjhere the Cudgeller (Minotaur Warper)            Turns: 1957, Time: 00:02:11

Health: 0/40       AC:  3    Str: 17    XL:     4   Next: 27%
Magic:  5/5        EV: 11    Int: 10    God:
Gold:   2          SH:  0    Dex: 10    Spells: 5/5 levels left

rFire   . . .      SeeInvis .   a - +0 mace
rCold   . . .      Faith    .   (no shield)
rNeg    . . .      Spirit   .   b - +0 leather armour
rPois   .          Reflect  .   (helmet restricted)
rElec   .          Harm     .   (no cloak)
rCorr   .          Rampage  .   (no gloves)
Will    .....                   (no boots)
Stlth   +.........              (no amulet)
HPRegen 0.13/turn               (no ring)
MPRegen 0.09/turn               (no ring)

@: slowed, studying Poison Magic, very slow
A: horns 2, retaliatory headbutt
a: no special abilities


You were on level 2 of the Dungeon.
You visited 1 branch of the dungeon, and saw 2 of its levels.

You collected 2 gold pieces.

Inventory:

Hand Weapons
 a - a +0 mace (weapon)
Missiles
 d - 2 boomerangs of dispersal (quivered)
Armour
 b - a +0 leather armour (worn)
Scrolls
 c - 2 scrolls of blinking
 g - a scroll of immolation {unknown}
 j - a scroll of magic mapping {unknown}
Potions
 e - a potion of magic {unknown}
 f - a potion of cancellation {unknown}
 h - a potion of flight {unknown}
 i - a potion of heal wounds {unknown}
 k - a potion of lignification {unknown}


   Skills:
 + Level 3.7 Fighting
 * Level 4.8 Maces & Flails
 - Level 1.0 Throwing
 - Level 1.2 Armour
 - Level 2.1 Dodging
 - Level 1.3 Spellcasting
 - Level 2.1 Translocations


You had 5 spell levels left.
You didn't know any spells.
Your spell library contained the following spells:

 Spells                   Type           Power      Damage    Failure   Level
 Blink                    Tloc           10%        N/A       24%         2
 Gell's Gravitas          Tloc           5%         N/A       43%         3
 Lesser Beckoning         Tloc           5%         N/A       43%         3
 Teleport Other           Tloc           5%         N/A       43%         3
 Manifold Assault         Tloc           5%         N/A       99%         5


Dungeon Overview and Level Annotations

Branches:
Dungeon (2/15)

Altars:

Annotations:
D:2 Jessica


Innate Abilities, Weirdness & Mutations

You have a pair of horns on your head.
You reflexively headbutt those who attack you in melee.


Message History

Jessica hits you with a +0 dagger.
You barely miss Jessica. Your headbutt misses Jessica.
Jessica is severely wounded.
The bat closely misses you. You furiously retaliate!
You headbutt the bat.
You kill the bat!
Jessica hits you with a +0 dagger. x2
You barely miss Jessica.
Jessica is severely wounded.
Jessica hits you with a +0 dagger.
* * * LOW HITPOINT WARNING * * *
Jessica hits you but does no damage.
You hit Jessica but do no damage. Your headbutt misses Jessica.
Jessica is severely wounded.
Jessica casts a spell at you. You resist with some effort.
Throw: 5 boomerangs (disperse)
Press: ? - help, Q - select action Shift-Dir - straight line, f - Jessica
Aim: Jessica, wielding a +0 dagger and wearing a +0 robe (severely wounded, fast, 56% to hit)
You throw a boomerang of dispersal.
The boomerang of dispersal hits Jessica but does no damage.
Jessica is severely wounded.
Jessica closely misses you. Jessica gestures at you while chanting.
You feel yourself slow down.
Throw: 4 boomerangs (disperse)
Press: ? - help, Q - select action Shift-Dir - straight line, f/p - Jessica
Aim: Jessica, wielding a +0 dagger and wearing a +0 robe (severely wounded, fast, 56% to hit)
You throw a boomerang of dispersal.
The boomerang of dispersal barely misses Jessica.
Jessica misses you. Jessica hits you but does no damage.
Jessica hits you with a +0 dagger.
* * * LOW HITPOINT WARNING * * *
Throw: 3 boomerangs (disperse)
Press: ? - help, Q - select action Shift-Dir - straight line, f/p - Jessica
Aim: Jessica, wielding a +0 dagger and wearing a +0 robe (severely wounded, fast, 56% to hit)
You throw a boomerang of dispersal.
The boomerang of dispersal barely misses Jessica.
Jessica gestures at you while chanting. Pain shoots through your body!
You die...

## ####.##.. ..
#.....#.# # #
###.##..#.# ... ##
..........###..##
.#
..##.#...........#
.# . #
##...>###.#.# .#
#.#..###.#.# .#
#...<......$ .#
####@###.#.# ##
#..@....#
#...#.†##.#
#.###!.# .. ....
## #.... #.##..
#.# ..# #.# ..#


You could see Jessica (fast).

Vanquished Creatures
  Natasha (D:2)
  2 worms (D:2)
  A dart slug (D:1)
  7 bats
  7 endoplasms (D:1)
  2 giant cockroaches
  7 jackals
  2 kobolds (D:1)
  5 quokkas
  4 ball pythons
  2 frilled lizards (D:1)
  A goblin (D:1)
  8 rats
49 creatures vanquished.

Notes
Turn   | Place    | Note
-------+----------+-------------------------------------------
     0 | D:1      | jjjjhere the Minotaur Warper began the quest for the Orb.
     0 | D:1      | Reached XP level 1. HP: 18/18 MP: 1/1
   182 | D:1      | Reached skill level 3 in Maces & Flails
   245 | D:1      | Reached XP level 2. HP: 25/25 MP: 3/3
   746 | D:1      | Reached XP level 3. HP: 29/31 MP: 4/4
   941 | D:1      | Reached skill level 4 in Maces & Flails
  1466 | D:2      | Noticed Natasha
  1471 | D:2      | Killed Natasha
  1472 | D:2      | Reached XP level 4. HP: 36/39 MP: 5/5
  1946 | D:2      | Noticed Jessica
  1953 | D:2      | HP: 12/40 [Jessica/+0 dagger (4)]
  1957 | D:2      | Killed from afar by Jessica

Illustrated notes

Levels and vault maps discovered:
D:1:      onia_arrival_handbag, layout_loops_ring
D:2:      layout_basic, ebering_ecumenical_altar_webs, uniq_natasha,
          uniq_jessica

Skill      XL: |  1  2  3 |
---------------+----------+-----
Maces & Flails | 3 4 |  4.8
Fighting       | 3 |  3.7
Throwing       | |  1.0
Armour         | |  1.2
Dodging        | |  2.1
Spellcasting   | |  1.3
Translocations | |  2.1

Action                   |  1- 3 |  4- 6 || total
-------------------------+-------+-------++-------
Melee: Mace              |    86 |    31 ||   117
       Headbutt          |    12 |     4 ||    16
       Punch             |     1 |       ||     1
Throw: Boomerang         |       |     3 ||     3
 Stab: Sleeping          |     1 |       ||     1
Armor: Leather armour    |    24 |     5 ||    29
Dodge: Dodged            |    50 |    24 ||    74
